 Dungeon Crawl Stone Soup version 0.19.5 (webtiles) character file.

368 McKennaii the Gusty (level 6, -2/36 HPs)
             Began as a High Elf Air Elementalist on Apr 16, 2017.
             Killed from afar by an orc wizard (4 damage)
             ... with a puff of flame
             ... on level 4 of the Dungeon.
             The game lasted 00:07:36 (2426 turns).

McKennaii the Gusty (High Elf Air Elementalist)     Turns: 2426, Time: 00:07:37

Health: -2/36      AC:  3    Str:  7    XL:     6   Next: 41%
Magic:  1/13       EV: 13    Int: 21    God:
Gold:   114        SH:  0    Dex: 16    Spells: 3 memorised, 8 levels left

rFire  . . .     SeeInvis .     (no weapon)
rCold  . . .     Gourm    .     a - +0 robe
rNeg   . . .     Faith    .     (no shield)
rPois  .         Spirit   .     v - +0 helmet
rElec  .         Reflect  .     (no cloak)
rCorr  .         Harm     .     (no gloves)
MR     +....     Rnd*Tele +     (no boots)
Stlth  ++........               (no amulet)
                                i - ring of teleportation
                                f - ring of protection from magic

@: repel missiles
A: no striking features
a: no special abilities


You were on level 4 of the Dungeon.
You were not hungry.

You visited 1 branch of the dungeon, and saw 4 of its levels.

You collected 114 gold pieces.

Inventory:

Armour
 a - a +0 robe (worn)
 v - a +0 helmet (worn)
Jewellery
 d - a +4 ring of intelligence
 f - a ring of protection from magic (left hand)
 g - an uncursed ring of fire
 i - a ring of teleportation (right hand)
 j - an uncursed ring of protection from magic
Scrolls
 n - a scroll of noise {unknown}
 o - 2 scrolls of immolation
 t - a scroll of amnesia {unknown}
Potions
 e - a potion of mutation {unknown}
 k - 3 potions of curing
 p - a potion of might {unknown}
 q - a potion of degeneration {unknown}
 r - 2 potions of flight {unknown}
 s - a potion of lignification {unknown}
 u - a potion of agility {unknown}
Books
 b - a book of Air

   Spells                             Type                      Level
   a - Shock                          Conjuration/Air              1
   b - Swiftness                      Charms/Air                   2
   c - Repel Missiles                 Charms/Air                   2
   d - Static Discharge               Conjuration/Air              3
   e - Lightning Bolt                 Conjuration/Air              5
Comestibles
 c - 3 bread rations
 h - a beef jerky
 l - 3 meat rations


   Skills:
 + Level 0.2 Fighting
 + Level 3.0 Dodging
 + Level 2.6 Stealth
 + Level 0.1 Unarmed Combat
 + Level 4.2 Spellcasting
 + Level 3.7 Conjurations
 + Level 5.9 Air Magic


You had 8 spell levels left.
You knew the following spells:

 Your Spells              Type           Power        Failure   Level  Hunger
a - Shock                 Conj/Air       ###.         1%          1    None
b - Swiftness             Chrm/Air       ###.....     6%          2    #......
c - Repel Missiles        Chrm/Air       ###...       6%          2    #......


Dungeon Overview and Level Annotations

Branches:
Dungeon (4/15)
 Temple: D:4-7

Altars:
Fedhas
Gozag
Hepliaklqana
Ru
Trog

Annotations:
D:3 sreda's ghost, amateur MfGl
D:4 Robin


Message History

< or
f - a ring of protection from magic > or
d - a +4 ring of intelligence You remove your +4 ring of intelligence.
You feel stupid.
The orc wizard shouts!
The orc shouts!
You feel slightly jumpy.
i - a ring of teleportation (right hand)
The orc wizard gestures wildly while chanting.
The orc wizard seems to speed up.
Your magical contamination has completely faded away.
The orc wizard looks encouraged for a moment.
The orc wizard mumbles some strange words.
The orc wizard flickers and vanishes!
Deactivating autopickup; reactivate with Ctrl-A.
The orc wizard points at you and mumbles some strange words.
The puff of frost hits you!
* * * LOW HITPOINT WARNING * * *
The orc wizard gestures at you while chanting.
The puff of flame hits you!
You die...

..........####..........####....
...†.....g.# #....g........#####
...≈PPP....####.............#
..≈≈≈≈P##....♣♣♣♣♣#####.....#
.PP≈PPP.....♣♣♣♣♣♣♣♣..........
..P≈P.≈##..≈♣≈P♣≈≈≈≈♣#.########
..≈♣PP###.≈♣≈≈≈≈≈≈≈≈≈≈..
PP≈≈≈≈##≈≈♣≈≈≈≈≈≈..≈≈...
≈≈≈P....≈Po§....@.......
P≈♣≈P...)o..............
P♣PP.....{..≈....≈...≈≈P
♣≈.P......♣≈≈..≈≈≈≈≈≈P≈≈
≈≈........≈≈PPP≈P≈≈≈≈≈≈≈
≈P≈.......#≈≈P≈w≈P≈≈≈≈≈≈
≈≈........##♣≈≈≈≈≈≈≈≈≈P≈
P≈........# ♣≈PP≈≈≈≈≈≈♣♣
≈P.<......##♣ ≈


You could see a worm, an orc wizard and an orc.

Vanquished Creatures
  Edmund (D:4)
  2 ogres (D:4)
  4 adders
  An orc (D:4)
  8 goblins
  5 hobgoblins
  6 jackals
  7 kobolds
  A quokka (D:3)
  10 bats
  6 frilled lizards
  9 rats
60 creatures vanquished.

Notes
Turn   | Place    | Note
-------+----------+-------------------------------------------
     0 | D:1      | McKennaii the High Elf Air Elementalist began the quest for the Orb.
     0 | D:1      | Reached XP level 1. HP: 11/11 MP: 4/4
   126 | D:1      | Reached skill level 4 in Air Magic
   128 | D:1      | Reached XP level 2. HP: 16/17 MP: 0/6
   698 | D:2      | Learned a level 2 spell: Swiftness
   701 | D:2      | Learned a level 2 spell: Repel Missiles
   833 | D:2      | Reached XP level 3. HP: 21/21 MP: 5/7
   906 | D:2      | Found a bloodstained altar of Trog.
  1613 | D:3      | Found a sacrificial altar of Ru.
  1669 | D:3      | Reached XP level 4. HP: 27/27 MP: 5/9
  1731 | D:3      | Found an opulent altar of Gozag.
  1767 | D:3      | Found a blossoming altar of Fedhas.
  1771 | D:3      | Noticed sreda's ghost (amateur MfGl)
  1994 | D:3      | Found a hazy altar of Hepliaklqana.
  2230 | D:4      | Noticed an ogre
  2244 | D:4      | Killed an ogre
  2244 | D:4      | Reached skill level 5 in Air Magic
  2244 | D:4      | Reached XP level 5. HP: 31/31 MP: 2/11
  2343 | D:4      | Noticed an ogre
  2352 | D:4      | Killed an ogre
  2384 | D:4      | Noticed Edmund
  2399 | D:4      | Noticed Robin
  2400 | D:4      | Killed Edmund
  2400 | D:4      | Reached XP level 6. HP: 15/36 MP: 1/13
  2426 | D:4      | Killed from afar by an orc wizard

Skill      XL: |  1  2  3  4  5 |
---------------+----------------+-----
Air Magic      | 4 5 |  5.9
Spellcasting   | 3 4 |  4.2
Conjurations   | 2 3 |  3.7
Dodging        | 3 |  3.0
Fighting       | |  0.2
Stealth        | |  2.6
Unarmed Combat | |  0.1

Action                   |  1- 3 |  4- 6 || total
-------------------------+-------+-------++-------
Melee: Unarmed           |    21 |     2 ||    23
 Cast: Shock             |    72 |    47 ||   119
       Repel Missiles    |       |     1 ||     1
  Use: Scroll            |     4 |     1 ||     5
       Potion            |     1 |       ||     1
  Eat: Meat ration       |     1 |       ||     1
       Beef jerky        |     1 |       ||     1
Armor: Robe              |     8 |       ||     8
Dodge: Dodged            |    29 |    10 ||    39
